 Dungeon Crawl Stone Soup version 0.14-a0-1969-g2c76abe (webtiles) character file.

67 Piginabag the Insei (level 2, -1/18 HPs)
             Began as an Octopode Transmuter on Jan 16, 2014.
             Slain by a kobold
             ... wielding a +2,+1 dagger
              (3 damage)
             ... on Level 2 of the Dungeon.
             The game lasted 00:00:37 (1048 turns).

Piginabag the Insei (Octopode Transmuter)           Turns: 1048, Time: 00:00:38

HP  -1/18        AC  1     Str  9      XL: 2   Next: 87%
MP   3/4         EV 12     Int 15      God:
Gold 46          SH  0     Dex 12      Spells:  1 memorised,  4 levels left

rFire  . . .     SeeInvis .       - Unarmed
rCold  . . .     Clarity  .     (no shield)
rNeg   . . .     Conserve .     (helmet restricted)
rPois  .         rCorr    .     (no amulet)
rElec  .         rRot     .     (no ring)
SustAb . .       Spirit   .     (no ring)
rMut   .         Warding  .     (no ring)
Saprov . . .     Stasis   .     (no ring)
MR     .....                    (no ring)
                                (no ring)
                                (no ring)
                                (no ring)

@: appendage, very slightly contaminated, hasted, very quick, not resistant to
hostile enchantments, fairly stealthy
A: almost no armour, amphibious, 8 rings, constrict 8, spike 3, camouflage 1,
gelatinous body 1
a: End Transformation


You were on level 2 of the Dungeon.
You were not hungry.
One of your tentacles had a temporary spike.
You visited 1 branch of the dungeon, and saw 2 of its levels.

You collected 46 gold pieces.

Inventory:

Missiles
 b - 12 arrows
Comestibles
 a - 3 bread rations
 f - a banana
 i - a beef jerky
 m - a pear
Scrolls
 h - a scroll of remove curse {unknown}
 j - 2 scrolls of identify {unknown}
 k - a scroll of fear {unknown}
 n - a scroll of teleportation {unknown}
 o - a scroll of blinking {unknown}
 q - a scroll of curse armour {unknown}
 r - a scroll of immolation {unknown}
Jewellery
 c - a +4,+5 ring of slaying {unknown}
 e - an uncursed amulet of resist mutation {unknown}
Potions
 g - a potion of agility {unknown}
 l - a potion of speed
 p - a potion of lignification {unknown}
Books
 d - a book of Changes

   Spells                             Type                      Level
   *Beastly Appendage                 Transmutation                1
   Sticks to Snakes                   Transmutation                2
   Spider Form                        Transmutation/Poison         3
   Ice Form                           Ice/Transmutation            4
   Blade Hands                        Transmutation                5


   Skills:
 + Level 1.0 Fighting
 + Level 2.0 Dodging
 + Level 0.4 Stealth
 + Level 3.6 Unarmed Combat
 + Level 2.1 Spellcasting
 + Level 2.2 Transmutations


You had 4 spell levels left.
You knew the following spells:

 Your Spells              Type           Power        Failure   Level  Hunger
a - Beastly Appendage     Trmt           #.....       12%         1    #......


Dungeon Overview and Level Annotations

Branches:
Dungeon (2/16)

Altars:


Innate Abilities, Weirdness & Mutations

You cannot wear most types of armour.
You are amphibious.
You can wear up to eight rings at the same time.
You can use your tentacles to constrict many enemies at once.
Your skin changes colour to match your surroundings (Stlth).
Your rubbery body absorbs attacks (AC +1).
One of your tentacles bears a large vicious spike.


Message History

Casting: Beastly Appendage
Confirm with . or Enter, or press ? or * to list all spells.
One of your tentacles grows a vicious spike.
The kobold throws a dart.
The dart misses you.
The kobold throws a dart.
The dart hits you!
The kobold throws a dart.
The dart misses you.
The kobold throws a dart.
The dart misses you.
You barely miss the kobold. Your grab misses the kobold.
The kobold hits you with a dagger.
The kobold throws a dart.
The dart hits you!
You barely miss the kobold. Your grab misses the kobold.
The kobold hits you with a dagger.
* * * LOW HITPOINT WARNING * * *
The kobold throws a dart.
The dart hits you!
The kobold throws a dart.
The dart hits you!
* * * LOW HITPOINT WARNING * * *
You are too injured to fight recklessly!
Drink which item? (? for menu, Esc to quit)
You feel yourself speed up.
It was a potion of speed.
The kobold hits you with a dagger.
You die...

... #....# #....# #####
#....#
##...#########?...######
.'...'..............K...
##...#########..........
##...#########..K..K.....
............##..@.......#
............##(.(.......#
..........<.##(.........#
............##.[........
.............'..........
.
.....[......##..........
#.#
..)%........##..........
#.#
...)........##..........
# ...
...)........##.........
#.#.#


You could see 3 kobolds.

Vanquished Creatures
  6 hobgoblins
  4 kobolds
  2 bats
  4 goblins
  2 rats (D:1)
18 creatures vanquished.

Notes
Turn   | Place    | Note
--------------------------------------------------------------
     0 | D:1      | Piginabag, the Octopode Transmuter, began the quest for the Orb.
     0 | D:1      | Reached XP level 1. HP: 13/13 MP: 3/3
   470 | D:1      | Reached XP level 2. HP: 18/18 MP: 4/4
  1048 | D:2      | Slain by a kobold

Action                   || total
-------------------------++-------
Melee: Unarmed           ||    31
 Cast: Beastly Appendage ||     6
  Use: Potion            ||     1
 Stab: Sleeping          ||     3
